 Dungeon Crawl Stone Soup version 0.30-a0-305-g026cb31310 (webtiles) character file.

Game seed: 3529040547619335530

169379 Pooter the Executioner (level 17, -24/160 HPs)
             Began as a Minotaur Berserker on Oct 20, 2022.
             Was a High Priest of Trog.
             Killed from afar by a deep elf sorcerer (35 damage)
             ... with a bolt of acid
             ... on level 3 of the Elven Halls on Oct 22, 2022.
             The game lasted 03:07:35 (28573 turns).

Pooter the Executioner (Minotaur Berserker)        Turns: 28573, Time: 03:07:36

Health: -24/160    AC: 32    Str: 29    XL:     17   Next: 35%
Magic:  0/16       EV: 13    Int: 16    God:    Trog [*****.]
Gold:   268        SH:  0    Dex: 10    Spells: 16/16 levels left

rFire   + + +      SeeInvis .    a - +6 executioner's axe (flame)
rCold   . . .      Faith    .    (shield currently unavailable)
rNeg    . . .      Spirit   +    U - +8 plate armour {rF+}
rPois   +          Reflect  .    R - +2 hat of Spring {rF+ Will+ Dex-2 Stlth+}
rElec   +          Harm     .    y - +1 cloak of Skepticism {rF+ Int+6 Dex-4 Slay+5}
rCorr   .          Rampage  .    Q - +0 pair of gloves of the Unbroken {Fly rPois rF+ Dex+2}
Will    ++...                    l - +2 pair of boots
Stlth   ..........               c - amulet "Lodghuiz" {Spirit *Slow rElec rPois Slay+6}
HPRegen 0.46/turn                K - +4 ring of evasion
MPRegen 0.15/turn                F - ring "Litweome" {rF+ Str+3 Int+6}

@: marked, flying
A: horns 2, retaliatory headbutt, shaggy fur 1
a: Renounce Religion, Berserk, Trog's Hand, Brothers in Arms


You were on level 3 of the Elven Halls.
You worshipped Trog.
Trog was extremely pleased with you.
You visited 4 branches of the dungeon, and saw 25 of its levels.
You also visited: Ice Cave and Volcano.

You collected 3477 gold pieces.
You spent 3209 gold pieces at shops.

Inventory:

Hand Weapons
 a - a +6 executioner's axe of flaming (weapon)
   (Trog gifted it to you on level 4 of the Lair of Beasts)
 b - a +0 vorpal arbalest
   (You found it on level 10 of the Dungeon)
 s - a +3 eveningstar of protection
   (You took it off Louise on level 14 of the Dungeon)
 E - a +2 flail of holy wrath
   (You took it off an orc on level 7 of the Dungeon)
Missiles
 p - 4 curare-tipped darts
 z - 19 boomerangs (quivered)
 A - 13 javelins
 L - 4 silver boomerangs
 M - 4 atropa-tipped darts
Armour
 l - a +2 pair of boots (worn)
   (You found it on level 14 of the Dungeon)
 y - the +1 cloak of Skepticism (worn) {rF+ Int+6 Dex-4 Slay+5}
   (You acquired it on level 4 of the Dungeon)

   Int:       It affects your intelligence (+6).
   Dex:       It affects your dexterity (-4).
   Slay:      It affects your accuracy & damage with ranged weapons and melee
   (+5).
   rF:        It protects you from fire.
 Q - the +0 pair of gloves of the Unbroken (worn) {Fly rPois rF+ Dex+2}
   (You found it on level 1 of the Lair of Beasts)

   Dex:       It affects your dexterity (+2).
   rF:        It protects you from fire.
   rPois:     It protects you from poison.
   Fly:       It grants you flight.
 R - the +2 hat of Spring (worn) {rF+ Will+ Dex-2 Stlth+}
   (You acquired it on level 5 of the Lair of Beasts)

   Dex:       It affects your dexterity (-2).
   rF:        It protects you from fire.
   Will:      It increases your willpower.
   Stlth:     It makes you more stealthy.
 U - a +8 plate armour of fire resistance (worn)
   (You found it in a volcano)
Jewellery
 c - the amulet "Lodghuiz" (around neck) {Spirit *Slow rElec rPois Slay+6}
   (You bought it in a shop on level 9 of the Dungeon)

   [amulet of guardian spirit]

   It causes incoming damage to be divided between your reserves of health and
   magic.
   Slay:      It affects your accuracy & damage with ranged weapons and melee
   (+6).
   rElec:     It insulates you from electricity.
   rPois:     It protects you from poison.
   *Slow:     It may slow you when you take damage.
 e - an amulet of regeneration
   (You took it off a centaur on level 9 of the Dungeon)
 F - the ring "Litweome" (right hand) {rF+ Str+3 Int+6}
   (You found it in an ice cave)

   [ring of intelligence]

   Str:       It affects your strength (+3).
   Int:       It affects your intelligence (+6).
   rF:        It protects you from fire.
 I - a ring of protection from cold
   (You found it on level 2 of the Dungeon)
 K - a +4 ring of evasion (left hand)
   (You found it on level 14 of the Dungeon)
 N - a ring of positive energy
   (You found it on level 3 of the Lair of Beasts)
 X - a +4 ring of protection
   (You found it on level 3 of the Lair of Beasts)
Wands
 f - a wand of flame (38)
   (You found it on level 3 of the Dungeon)
 x - a wand of charming (25)
   (You found it on level 5 of the Dungeon)
 C - a wand of polymorph (9)
   (You found it on level 5 of the Dungeon)
 D - a wand of digging (4)
   (You found it in an ice cave)
 S - a wand of roots (9)
   (You found it on level 13 of the Dungeon)
 T - a wand of mindburst (11)
   (You found it in a volcano)
Scrolls
 d - 2 scrolls of immolation {!r}
 h - 2 scrolls of summoning
 i - a scroll of identify {@r1}
 k - 3 scrolls of silence
 r - 3 scrolls of poison {!r}
 t - 10 scrolls of teleportation {@r4}
 v - 2 scrolls of blinking
 B - 3 scrolls of magic mapping
 J - 3 scrolls of fear
 O - 6 scrolls of butterflies
Potions
 g - 2 potions of invisibility
 j - 4 potions of heal wounds {@q2}
 m - a potion of lignification {!q}
 n - 6 potions of mutation {!q}
 o - 9 potions of curing {@q1}
 u - 2 potions of cancellation
 G - 2 potions of attraction {!q}
 H - 2 potions of haste {@q3}
 V - 3 potions of ambrosia
 Y - 4 potions of might
Miscellaneous
 q - a box of beasts
   (You found it on level 15 of the Dungeon)
 w - a lightning rod (2/4) {!a}
   (You found it on level 2 of the Lair of Beasts)
 P - a condenser vane
   (You bought it in a shop on level 2 of the Elven Halls)
 W - a phantom mirror
   (You found it on level 2 of the Lair of Beasts)


   Skills:
 + Level 16.6 Fighting
 * Level 22.7 Axes
 - Level 18.0 Ranged Weapons
 + Level 9.0 Armour
 + Level 6.5 Dodging
 + Level 4.9 Stealth
 - Level 8.9 Evocations


You had 16 spell levels left.
You didn't know any spells.
Your spell library was empty.

Dungeon Overview and Level Annotations

Branches:
Dungeon (15/15)            Temple (0/1) D:6            Lair (5/5) D:9
 Shoals (0/4) Lair:3       Spider (0/4) Lair:2        Slime (0/5) Lair:4
    Orc (2/2) D:10            Elf (3/3) Orc:2        Vaults (0/5) D:14
 Depths (0/4) D:15          IceCv (visited)         Volcano (visited)

Altars:
Cheibriados
Fedhas
Gozag
Nemelex Xobeh
Ru
Trog
Vehumet
Yredelemnul
Zin
Jiyva

Shops:
D:2 (   D:9 =   Orc:2 (=([   Elf:2 **   Elf:3 [!?

Annotations:
Elf:2 3 runed translucent doors


Innate Abilities, Weirdness & Mutations

You have a pair of horns on your head.
You reflexively headbutt those who attack you in melee.
You are covered in fur. (AC +1)


Message History

The iron shot hits you!!
* * * LOW MAGIC WARNING * * *
* * * LOW HITPOINT WARNING * * *
The earth elemental hits you but does no damage.
The deep elf sorcerer's eyes start to glow.
Aim: a deep elf sorcerer, wielding a +0 long sword and wearing a +0 scale mail (poison gas, almost dead, fast, inner flame, very poisoned)
The thunderbolt hits the deep elf annihilator!!
The thunderbolt hits the deep elf sorcerer!
Trog accepts your kill.
Trog appreciates your killing of a magic user.
The deep elf sorcerer explodes!
The fiery explosion engulfs the deep elf annihilator!!!
You kill the deep elf annihilator!
Trog accepts your kill.
Trog appreciates your killing of a magic user.
The earth elemental hits you but does no damage.
The deep elf sorcerer drinks a potion.
The deep elf sorcerer's spells are empowered!
The earth elemental hits you!
* * * LOW MAGIC WARNING * * *
* * * LOW HITPOINT WARNING * * *
You open the earth elemental like a pillowcase!!!
You destroy the earth elemental!
The earth elemental disappears in a puff of smoke!
You hit the earth elemental. You slice the earth elemental!!
You destroy the earth elemental!
The earth elemental disappears in a puff of smoke!
The deep elf sorcerer casts a spell at you.
The sphere of damnation explodes!
The damnation engulfs you!!!
* * * LOW MAGIC WARNING * * *
* * * LOW HITPOINT WARNING * * *
You hit the earth elemental but do no damage.
The earth elemental hits you but does no damage.
You slash the earth elemental! You headbutt the earth elemental!
The deep elf sorcerer is engulfed in poison gas.
The deep elf sorcerer is poisoned.
The deep elf sorcerer casts a spell at you.
You easily resist.
You slash the earth elemental!
The deep elf sorcerer is engulfed in poison gas.
The deep elf sorcerer looks even sicker.
The earth elemental closely misses you. You furiously retaliate!
You headbutt the earth elemental!!
You destroy the earth elemental!
The earth elemental disappears in a puff of smoke!
The deep elf sorcerer looks even sicker.
The deep elf sorcerer gestures at you while chanting.
The bolt of acid hits you!!!
* * * LOW MAGIC WARNING * * *
You die...

#.....)#.............###
#......#8..(....#.).8#
#......##8§☼§§§☼§..8##
#.......##8§○.§☼§.8##
#........##8§§#§§8##
##.......###8§○§8.#
##.....## ###☼#☼####
####### #§○§○○§#
##○@..§# #○..§§# #☼#○#§#
#.#§#.# #.#§#.# #.#e#.#
#.#(#.# ..#☼#.# ###e###


You could see a deep elf sorcerer (fast, empowered, very poisoned).

Vanquished Creatures
  Jorgrun (D:14)
  Rupert (Lair:4)
  2 deep elf blademasters (Elf:3)
  3 deep elf master archers (Elf:3)
  Gastronok (D:12)
  Agnes (D:15)
  2 deep elf sorcerers (Elf:3)
  Louise (D:14)
  An orc warlord (Orc:2)
  3 deep elf elementalists (Elf:3)
  A stone giant (D:15)
  5 deep elf demonologists
  A red draconian (Volcano)
  5 deep elf annihilators
  Josephine (Orc:2)
  An entropy weaver (shapeshifter) (D:14)
  An ettin (Orc:2)
  3 deep elf death magi (Elf:3)
  A deep elf high priest (Elf:3)
  6 vault guards (D:14)
  3 hydras
  Erolcha (D:12)
  A catoblepas (D:11)
  An ogre mage (D:15)
  A merfolk avatar (Lair:5)
  A boulder beetle (Lair:4)
  7 two-headed ogres
  2 ironbound frosthearts (IceCv)
  4 centaur warriors
  A merfolk aquamancer (D:15)
  An anaconda (Elf:1)
  An orc high priest (Orc:2)
  14 dancing weapons
  4 tengu warriors
  6 death yaks (IceCv)
  Nergalle (Lair:1)
  13 deep elf knights
  2 sea snakes
  A salamander mystic (Volcano)
  A wizard (D:14)
  14 deep elf archers
  27 deep elf pyromancers
  4 orc knights (Orc:2)
  17 deep elf zephyrmancers
  4 manticores
  5 orc sorcerers
  6 cyclopes
  19 ugly things
  5 salamanders
  5 elephants (Lair:5)
  5 black mambas
  A torpor snail (Lair:4)
  3 water nymphs (D:15)
  An ice statue (IceCv)
  3 gargoyles
  4 molten gargoyles (Volcano)
  9 cane toads
  A rime drake (shapeshifter) (D:14)
  3 kobold demonologists (D:12)
  7 rime drakes
  2 tengu conjurers (D:14)
  11 komodo dragons
  11 trolls
  12 polar bears
  A hornet (Lair:5)
  A troll (shapeshifter) (Elf:2)
  2 wind drakes (Lair:5)
  27 blink frogs
  5 slime creatures
  15 dream sheep
  A spriggan (shapeshifter) (Elf:1)
  A snapping turtle (Lair:5)
  A centaur simulacrum (D:15)
  A jumping spider (Lair:2)
  3 wyverns
  A vampire (D:10)
  53 yaks
  2 air elementals
  4 wraiths
  5 water elementals
  2 redbacks
  6 fire bats
  A basilisk (D:13)
  3 steam dragons (Lair:5)
  Edmund (D:4)
  11 wargs
  12 water moccasins
  A swamp drake (D:10)
  22 orc warriors
  2 sky beasts (D:6)
  2 ice beasts
  4 ogres
  31 wolves
  8 centaurs
  4 kobold brigands
  13 bullfrogs
  2 gnoll sergeants
  2 scorpions
  3 wights (D:8)
  7 killer bees
  4 electric eels
  4 howler monkeys
  A lava snake (Lair:4)
  The ghost of Palms the Digger, a weakling GrEE (D:4)
  3 hounds
  8 jellies
  14 orc priests
  A gnoll bouda (D:10)
  4 iguanas
  18 orc wizards
  18 gnolls
  13 adders
  13 white imps
  3 worms
  7 dart slugs
  91 orcs
  7 ball pythons
  4 endoplasms
  3 giant cockroaches
  8 goblins
  6 hobgoblins
  9 jackals
  18 kobolds
  7 quokkas
  2 bats (D:1)
  9 frilled lizards
  A goblin zombie (D:8)
  7 rats
830 creatures vanquished.

Vanquished Creatures (collateral kills)
  A vault guard (D:14)
  2 deep elf pyromancers
  An orc sorcerer (Elf:1)
  A yak (D:7)
5 creatures vanquished.

Vanquished Creatures (others)
  A deep elf elementalist (Elf:3)
  A vault guard (D:14)
  A deep elf knight (Elf:2)
  3 deep elf pyromancers
  2 yaks (D:7)
  An orc wizard (Orc:1)
  A gnoll (D:7)
  An orc (D:7)
  39 fungi
  57 plants
107 creatures vanquished.

Grand Total: 942 creatures vanquished

Notes
Turn   | Place    | Note
-------+----------+-------------------------------------------
     0 | D:1      | Pooter the Minotaur Berserker began the quest for the Orb.
     0 | D:1      | Reached XP level 1. HP: 19/19 MP: 0/0
    91 | D:1      | Found a faded altar of an unknown god.
   143 | D:1      | Reached skill level 4 in Axes
   227 | D:1      | Reached XP level 2. HP: 22/27 MP: 1/1
   582 | D:1      | Reached ** piety under Trog
   584 | D:1      | Reached XP level 3. HP: 29/33 MP: 2/2
   743 | D:2      | Found Xoakhev's Antique Weapon Shoppe.
   885 | D:2      | Noticed an ogre
   886 | D:2      | Reached skill level 5 in Axes
   896 | D:2      | Killed an ogre
   897 | D:2      | Reached XP level 4. HP: 23/41 MP: 3/3
   897 | D:2      | Reached XP level 5. HP: 26/47 MP: 4/4
  1536 | D:2      | Reached skill level 6 in Axes
  1747 | D:3      | Found a transporter.
  1760 | D:3      | Reached skill level 5 in Fighting
  1810 | D:3      | Reached XP level 6. HP: 42/56 MP: 5/5
  1888 | D:3      | Found a transporter.
  1959 | D:3      | Reached *** piety under Trog
  2147 | D:3      | Found a snail-covered altar of Cheibriados.
  2186 | D:3      | Found a sacrificial altar of Ru.
  2582 | D:4      | Identified a scroll of acquirement
  2583 | D:4      | Acquired the +1 cloak of Skepticism {rF+ Int+6 Dex-4
                  | Slay+5}
  2598 | D:4      | Reached skill level 7 in Axes
  2639 | D:4      | Found a runed translucent door.
  2639 | D:4      | Noticed Palms's ghost (weakling GrEE)
  2655 | D:4      | Killed Palms's ghost
  2659 | D:4      | Reached XP level 7. HP: 62/62 MP: 6/6
  2837 | D:4      | Noticed Edmund
  2847 | D:4      | Killed Edmund
  2864 | D:4      | Reached skill level 8 in Axes
  2864 | D:4      | Reached skill level 5 in Armour
  2919 | D:4      | Found a glowing silver altar of Zin.
  2921 | D:4      | Found a sparkling altar of Nemelex Xobeh.
  3292 | D:5      | Entered Level 5 of the Dungeon
  3882 | D:5      | Reached XP level 8. HP: 71/71 MP: 7/7
  3883 | D:5      | Reached skill level 9 in Axes
  3883 | D:5      | Reached skill level 1 in Ranged Weapons
  4149 | D:5      | Reached skill level 1 in Evocations
  4271 | D:6      | Upgraded the game from 0.30-a0-297-g0ec75d9ef4 to
                  | 0.30-a0-304-gdc4b735fe1
  4391 | D:6      | Reached **** piety under Trog
  4554 | D:6      | Found a staircase to the Ecumenical Temple.
  5174 | D:7      | Reached skill level 10 in Axes
  5190 | D:7      | Gained mutation: You are agile. (Dex +4, Str/Int -1)
                  | [potion of mutation]
  5190 | D:7      | Gained mutation: Your spells are a little harder to cast,
                  | but a little more powerful. [potion of mutation]
  5191 | D:7      | Lost mutation: You are agile. (Dex +4, Str/Int -1) [potion
                  | of mutation]
  5191 | D:7      | Lost mutation: Your spells are a little harder to cast, but
                  | a little more powerful. [potion of mutation]
  5191 | D:7      | Gained mutation: You are covered in fur. (AC +1) [potion of
                  | mutation]
  5245 | D:7      | Found a bloodstained altar of Trog.
  5272 | D:7      | Reached XP level 9. HP: 79/79 MP: 8/8
  5288 | D:7      | Reached skill level 5 in Ranged Weapons
  5836 | D:8      | Reached skill level 11 in Axes
  5852 | D:8      | Found an opulent altar of Gozag.
  6123 | D:8      | Found a runed translucent door.
  6125 | D:8      | Found a basalt altar of Yredelemnul.
  6210 | D:9      | Found Kobeclik's Jewellery Shoppe.
  6213 | D:9      | Bought a ring of poison resistance for 340 gold pieces
  6249 | D:9      | Found a staircase to the Lair.
  6258 | D:9      | Reached XP level 10. HP: 79/90 MP: 9/9
  6865 | D:9      | Reached skill level 12 in Axes
  6998 | D:9      | Found a blossoming altar of Fedhas.
  7365 | D:10     | Entered Level 10 of the Dungeon
  8325 | D:10     | Found a staircase to the Orcish Mines.
  8427 | Orc:1    | Entered Level 1 of the Orcish Mines
  8427 | Orc:1    | Noticed a cyclops
  8440 | D:10     | Killed a cyclops
  8441 | D:10     | Reached skill level 13 in Axes
  8441 | D:10     | Reached skill level 5 in Evocations
  8486 | Orc:1    | Noticed an orc sorcerer
  8501 | D:10     | Reached XP level 11. HP: 72/99 MP: 10/10
  8529 | Orc:1    | Killed an orc sorcerer
  8547 | Orc:1    | Noticed an orc sorcerer
  8555 | Orc:1    | Noticed a soul eater
  8558 | Orc:1    | Killed an orc sorcerer
  8742 | Orc:1    | Reached skill level 10 in Fighting
  9005 | Orc:2    | Entered Level 2 of the Orcish Mines
  9133 | Orc:2    | Noticed an orc knight
  9141 | Orc:2    | Killed an orc knight
  9310 | Orc:2    | Reached skill level 10 in Ranged Weapons
  9332 | Orc:2    | Noticed Josephine
  9335 | Orc:2    | Noticed an ettin
  9346 | Orc:2    | Killed an ettin
  9347 | Orc:2    | Reached skill level 14 in Axes
  9347 | Orc:2    | Killed Josephine
  9351 | Orc:2    | HP: 5/101 [orc warrior/+0 dire flail (8)]
  9469 | Orc:2    | Found a staircase to the Elven Halls.
  9493 | Orc:2    | Noticed an orc sorcerer
  9500 | Orc:2    | Killed an orc sorcerer
  9545 | Orc:2    | Noticed an orc knight
  9560 | Orc:2    | Killed an orc knight
  9656 | Orc:2    | Found Ipytt's Weapon Shoppe.
  9955 | Orc:2    | Noticed an orc sorcerer
  9957 | Orc:2    | Noticed a sixfirhy
  9959 | Orc:2    | Noticed an orc knight
  9959 | Orc:2    | Killed an orc sorcerer
  9960 | Orc:2    | Reached XP level 12. HP: 60/108 MP: 11/11
  9967 | Orc:2    | Noticed an orc high priest
  9972 | Orc:2    | Noticed an orc warlord
  9974 | Orc:2    | Killed an orc high priest
  9986 | Orc:2    | Killed an orc warlord
  9987 | Orc:2    | Reached skill level 15 in Axes
 10044 | Orc:2    | Found Zocum's Antique Weapon Shoppe.
 10046 | Orc:2    | Found Kacu's Antique Armour Emporium.
 10178 | Orc:2    | Found Goemikhli's Jewellery Shop.
 10258 | D:9      | Bought the amulet "Lodghuiz" {Spirit *Slow rElec rPois
                  | Slay+6} for 1152 gold pieces
 10286 | Lair:1   | Entered Level 1 of the Lair of Beasts
 10437 | Lair:1   | Found a dark tunnel.
 10447 | Volcano  | Entered a volcano
 10933 | Volcano  | Noticed an orb of fire
 10973 | Volcano  | Noticed an orb of fire
 10974 | Volcano  | Noticed a red draconian
 10983 | Volcano  | Reached skill level 16 in Axes
 10987 | Volcano  | Killed a red draconian
 11191 | Volcano  | Reached XP level 13. HP: 111/117 MP: 10/12
 11463 | Lair:1   | Noticed Nergalle
 11486 | Lair:1   | Killed Nergalle
 11569 | Lair:1   | Identified the +0 pair of gloves of the Unbroken {Fly rPois
                  | rF+ Dex+2}
 12549 | Lair:2   | Reached ***** piety under Trog
 12847 | Lair:2   | Found a hole to the Spider Nest.
 13524 | Lair:3   | Found a staircase to the Shoals.
 13560 | Lair:3   | Reached skill level 17 in Axes
 14099 | Lair:4   | Found a staircase to the Slime Pits.
 14099 | Lair:4   | Found a viscous altar of Jiyva.
 14298 | Lair:4   | Noticed Rupert
 14454 | Lair:4   | Received a gift from Trog
 14731 | Lair:4   | Killed Rupert
 15097 | Lair:5   | Entered Level 5 of the Lair of Beasts
 15212 | Lair:5   | Reached XP level 14. HP: 129/129 MP: 13/13
 15295 | Lair:5   | Acquired the +2 hat of Spring {rF+ Will+ Dex-2 Stlth+}
 15428 | Lair:5   | Reached skill level 18 in Axes
 15584 | Lair:5   | Reached skill level 15 in Ranged Weapons
 15692 | Lair:5   | Noticed Nessos
 15693 | Lair:5   | Nessos changed into Nessos the dream sheep
 15693 | Lair:5   | Noticed Nessos
 15694 | Lair:5   | Killed Nessos the dream sheep
 16293 | Lair:5   | Identified the +4 trident of Puics {freeze, Will- Str+5}
 16868 | D:11     | Received a gift from Trog
 17216 | D:12     | Noticed Urug
 17217 | D:12     | Urug changed into Urug the sea snake
 17217 | D:12     | Noticed Urug
 17223 | D:12     | Killed Urug the sea snake
 17314 | D:12     | Noticed Erolcha
 17318 | D:12     | Killed Erolcha
 17514 | D:12     | Noticed Sonja
 17517 | D:12     | Sonja changed into Sonja the naga
 17517 | D:12     | Noticed Sonja
 17519 | D:12     | Sonja the naga changed into Sonja the warg
 17519 | D:12     | Noticed Sonja
 17523 | D:12     | Killed Sonja the warg
 17720 | D:12     | Noticed Gastronok
 17735 | D:12     | Killed Gastronok
 17736 | D:12     | Reached skill level 19 in Axes
 18060 | D:13     | Found a frozen archway.
 18087 | IceCv    | Entered an ice cave
 18527 | IceCv    | Reached XP level 15. HP: 117/138 MP: 11/14
 18769 | IceCv    | Identified the ring "Litweome" {rF+ Str+3 Int+6}
 19400 | D:13     | Received a gift from Trog
 20093 | D:14     | Reached skill level 20 in Axes
 20121 | D:14     | Found a gate to the Vaults.
 20294 | D:14     | Noticed Louise
 20310 | D:14     | Killed Louise
 20318 | D:14     | Noticed Jorgrun
 20327 | D:14     | Killed Jorgrun
 20752 | D:15     | Entered Level 15 of the Dungeon
 20815 | D:15     | Reached skill level 15 in Fighting
 20909 | D:15     | Noticed Agnes
 20916 | D:15     | Killed Agnes
 21436 | D:15     | Found a staircase to the Depths.
 21439 | D:15     | Received a gift from Trog
 21758 | D:15     | Upgraded the game from 0.30-a0-304-gdc4b735fe1 to
                  | 0.30-a0-305-g026cb31310
 21916 | Elf:1    | Entered Level 1 of the Elven Halls
 21935 | Elf:1    | Reached XP level 16. HP: 141/149 MP: 15/15
 22083 | Elf:1    | Reached skill level 21 in Axes
 22559 | Elf:1    | Reached skill level 1 in Stealth
 25103 | Elf:2    | Found Nuj Nidu's Assorted Antiques.
 25111 | Elf:2    | Bought a scroll of enchant armour for 195 gold pieces
 25111 | Elf:2    | Bought a scroll of identify for 52 gold pieces
 25111 | Elf:2    | Bought 2 scrolls of blinking for 390 gold pieces
 25309 | Elf:2    | Found a runed translucent gate.
 25309 | Elf:2    | Found a runed translucent gate.
 25309 | Elf:2    | Found a runed translucent gate.
 25588 | Elf:2    | Received a gift from Trog
 25622 | Elf:2    | Reached skill level 5 in Dodging
 25702 | Elf:2    | Reached ****** piety under Trog
 25707 | Elf:2    | Reached skill level 22 in Axes
 25745 | Elf:2    | Found Pacen's Assorted Antiques.
 25885 | Elf:3    | Entered Level 3 of the Elven Halls
 25888 | Elf:3    | Found Joats's Magic Scroll Shoppe.
 25888 | Elf:3    | Found Atwotzia's Distillery.
 26241 | Elf:3    | Noticed a Brimstone Fiend
 26509 | Elf:2    | Bought a condenser vane for 1080 gold pieces
 26588 | Elf:2    | Found a radiant altar of Vehumet.
 26640 | Elf:3    | Found Ziannij's Armour Shop.
 26712 | Elf:3    | Paralysed by an air elemental for 1 turns
 26830 | Elf:3    | Noticed a deep elf master archer
 26850 | Elf:3    | Reached XP level 17. HP: 158/158 MP: 16/16
 26852 | Elf:3    | Killed a deep elf master archer
 26852 | Elf:3    | Noticed a deep elf blademaster
 26854 | Elf:3    | Noticed a deep elf master archer
 26861 | Elf:3    | Killed a deep elf blademaster
 27376 | Elf:3    | Killed a deep elf master archer
 27979 | Elf:3    | Identified the +0 ring mail of Sesmyche {Regen+ rCorr
                  | Slay+3 SInv}
 27979 | Elf:3    | Identified the amulet of the Final Decision {Faith Str+2
                  | Int+8 Dex-3}
 27979 | Elf:3    | Noticed a deep elf blademaster
 27984 | Elf:3    | Killed a deep elf blademaster
 28551 | Elf:3    | Identified the +7 mace "Dak Cadd" {vorpal, Int+4 Dex+4}
 28555 | Elf:3    | Noticed a deep elf master archer
 28563 | Elf:3    | Killed a deep elf master archer
 28565 | Elf:3    | Identified the ring "Pimumoo" {rElec rC++ SInv}
 28573 | Elf:3    | Killed from afar by a deep elf sorcerer

Illustrated notes

Levels and vault maps discovered:
D:1:      amcnicky_arrival_feature_with_door, layout_basic,
          hellmonk_ecumenical_altar_defaced_shrine,
          chequers_serial_rivers_micro_c
D:2:      layout_basic, serial_shops, nicolae_shop_hallway_stairs,
          minmay_pentomino_o4
D:3:      gammafunk_steamed_eel, layout_rooms, lemuel_tele_altar,
          amcnicky_altar_gilded, minmay_lizard_king
D:4:      layout_basic, jmf_multi_god_temple, serial_bayou, serial_bayou_lake_a,
          serial_bayou_shore_a, serial_bayou_shore_b, serial_bayou_crossing,
          ebering_ghost_inner_flame, uniq_edmund
D:5:      minmay_diamond_boxcup, layout_loops_cross
D:6:      layout_cave_pools, temple_doors_e, serial_rivers,
          chequers_serial_rivers_micro_a, chequers_serial_rivers_room_a,
          chequers_serial_rivers_micro_c, chequers_serial_rivers_large_a,
          chequers_serial_rivers_micro_c
D:7:      layout_rooms, mainiacjoe_overflow_brackets
D:8:      layout_basic, dk_yredelemnul_ordeal,
          nicolae_gozag_cash_rules_everything_around_me
D:9:      layout_roguey, fedhas_altar_3, erik_lair_orcish_takeover,
          nicolae_stop_n_shop_1
D:10:     layout_big_octagon, orc_david_3, serial_gnoll_camp,
          gnoll_camp_mini_basic, gnoll_camp_mini_basic,
          gnoll_camp_mini_loothouse, gnoll_camp_mini_doghouse,
          gnoll_camp_mini_house
D:11:     layout_rooms
D:12:     layout_basic, minmay_misc_feat_five, uniq_urug, uniq_gastronok,
          uniq_erolcha, uniq_sonja
D:13:     layout_stronghold, portal_ice_cave_entry_imps,
          kennysheep_pointless_box
D:14:     layout_loops_ring, erik_vaults_2, serial_park_square1
          [serial_park_minivault_5x5_2], uniq_jorgrun, uniq_louise
D:15:     grunt_enter_depths_snipers, layout_irregular_city,
          nicolae_splish_splash, uniq_agnes
Lair:1:   layout_chaotic_city, nicolae_volcano_entry_batcave,
          chequers_serial_rivers_room_a, bh_autumn_forest_stairs,
          lemuel_fruit_fields, serial_bayou_shore_b, grunt_megastairs_3,
          uniq_nergalle
Lair:2:   layout_regular_city, spider_nest_entry_funnel_web
Lair:3:   layout_gridlike, elwin_shoals_entry_rocks, minivault_25,
          dreamdust_mushroom_princess, grunt_megastairs_1
Lair:4:   layout_gridlike, minmay_slime_entry_pillars, uniq_rupert
Lair:5:   gammafunk_lair_ancient_temple, layout_regular_city,
          infiniplex_staircase_pool, uniq_nessos
Orc:1:    cheibrodos_orc_guarddog, layout_caves, lemuel_statue_altar
Orc:2:    grunt_orc_community_town_hall, layout_diamond_mine,
          grunt_orc_community_big_house_1, grunt_orc_community_big_house_1,
          grunt_orc_community_house_3, grunt_orc_community_house_1,
          grunt_orc_community_house_3, grunt_orc_community_house_1,
          uniq_josephine
Elf:1:    elf_arrival_001, layout_loops_cross, minivault_28
Elf:2:    elven_hall_of_blades_hangedman_original
          [nicolae_blade_entry_floor_patterns], layout_gridlike, serial_shops,
          nicolae_lakefront_shop, nicolae_square_shop, lemuel_upstairs_altar
Elf:3:    minmay_elf_hall, layout_geoelf_octagon, serial_shops,
          nicolae_shop_waterfront, minmay_shoptagon

Skill      XL: |  1  2  3  4  5  6  7  8  9 10 11 12 13 14 15 16 17 |
---------------+----------------------------------------------------+-----
Axes           | 4 5 6 7 8 10 11 13 14 16 17 19 20 22 | 22.7
Fighting       | 4 5 6 7 8 9 10 11 13 14 15 16 | 16.6
Armour         | 3 4 5 6 8 9 |  9.0
Ranged Weapons | 4 6 9 11 12 14 16 17 18 | 18.0
Evocations     | 2 3 5 6 7 8 |  8.9
Stealth        | 4 |  4.9
Dodging        | 5 6 |  6.5

Action                   |  1- 3 |  4- 6 |  7- 9 | 10-12 | 13-15 | 16-18 || total
-------------------------+-------+-------+-------+-------+-------+-------++-------
Melee: Hand axe          |    75 |    81 |       |       |       |       ||   156
       Headbutt          |     9 |    14 |    35 |    66 |   111 |    37 ||   272
       War axe           |       |    37 |   127 |       |       |       ||   164
       Punch             |       |     1 |     1 |       |       |       ||     2
       Battleaxe         |       |       |    39 |   304 |   116 |       ||   459
       Executioner's axe |       |       |       |       |   386 |   171 ||   557
 Fire: Sling             |       |       |    41 |     1 |       |       ||    42
       Shortbow          |       |       |       |    54 |       |       ||    54
       Arbalest          |       |       |       |    90 |   228 |   142 ||   460
Throw: Dart              |       |       |     9 |     2 |       |     2 ||    13
       Stone             |       |       |     3 |       |       |       ||     3
       Boomerang         |       |       |       |     3 |    48 |    26 ||    77
Invok: Berserk           |     1 |     1 |     8 |     6 |     7 |     2 ||    25
       Trog's Hand       |       |     1 |     7 |    21 |    10 |    12 ||    51
Evoke: Wand              |       |     5 |    12 |    15 |    17 |    31 ||    80
       Lightning rod     |       |       |       |       |     4 |     2 ||     6
  Use: Scroll            |     1 |     6 |     8 |    15 |    18 |     9 ||    57
       Potion            |       |       |     3 |     2 |     3 |     1 ||     9
 Stab: Distracted        |     1 |     1 |       |       |       |       ||     2
       Invisible         |       |       |       |     3 |     1 |     2 ||     6
       Betrayed ally     |       |       |       |       |       |     1 ||     1
Armor: Animal skin       |    12 |       |       |       |       |       ||    12
       Plate armour      |    14 |    56 |   109 |   272 |   367 |   110 ||   928
       Ice dragon scales |       |       |       |       |    31 |       ||    31
Dodge: Dodged            |    36 |    31 |    60 |   137 |   200 |   122 ||   586

Table legend: (Time is in decaauts)
 A = Elapsed time spent in this place.
 B = Non-inter-level travel time spent in this place.
 C = Inter-level travel time spent in this place.
 D = Time resting spent in this place.
 E = Time spent auto-exploring this place.
 F = Levels seen in this place.
 G = Mean time per level.
                   A        B        C        D        E       F      G
               +--------+--------+--------+--------+--------+-----+--------+
         Total |  29090 |  28082 |   1008 |   8013 |  13180 |  27 | 1077.4 |
       Dungeon |  13223 |  12716 |    507 |   2389 |   7647 |  15 |  881.5 |
          Lair |   5577 |   5361 |    216 |    460 |   3792 |   5 | 1115.4 |
  Orcish Mines |   2001 |   1911 |     90 |    293 |    604 |   2 | 1000.5 |
   Elven Halls |   6568 |   6374 |    194 |   4010 |    837 |   3 | 2189.3 |
      Ice Cave |    875 |    875 |      0 |    279 |    298 |   1 |  875.0 |
       Volcano |    844 |    844 |      0 |    581 |      2 |   1 |  844.0 |
               +--------+--------+--------+--------+--------+-----+--------+

Top non-repeatable levels by time:
   Elf:2: 3242 daAuts
   Elf:3: 2025 daAuts
  Lair:5: 1483 daAuts
   Orc:2: 1423 daAuts
   Elf:1: 1301 daAuts
    D:10: 1250 daAuts
     D:9: 1224 daAuts
  Lair:1: 1094 daAuts
    D:13: 1072 daAuts
     D:4: 1055 daAuts
  Lair:4: 1040 daAuts
    D:15: 1021 daAuts
  Lair:2: 1015 daAuts
     D:5: 1001 daAuts
  Lair:3: 942 daAuts
